BSA
BAFFIN ISLAND BEAVERS @ NEW YORK KNIGHTS
04/25/2025
 
TOP OF THE 1ST
Baffin Island Beavers batting - Pitching for New York Knights : RHP Dale Reese
Pitching: RHP Dale Reese
Batting: LHB Chris Bates 0-0: Foul Ball, location: 2F
0-1: Called Strike
0-2: Ball
1-2: DOUBLE (Line Drive, 5L)
Batting: LHB Jeff Cole 0-0: Ball
1-0: Ball
2-0: Ball
3-0: Foul Ball, location: 2F
3-1: Called Strike
3-2: Base on Balls
Batting: SHB Alonso Ferreira 0-0: Called Strike
0-1: Called Strike
0-2: SINGLE (Line Drive, 34)
Chris Bates to third
Jeff Cole to second
Batting: RHB Tony Morton 0-0: Called Strike
0-1: TRIPLE (Line Drive, 9LM)
Chris Bates scores
Jeff Cole scores
Alonso Ferreira scores
Batting: LHB Lorenzo Villa 0-0: Ground out U3 (Groundball, 3S)
Batting: RHB José García 0-0: Ball
1-0: Ball
2-0: Ball
3-0: Base on Balls
Batting: LHB Keng-chi Lao 0-0: Ball
1-0: Foul Ball, location: 2F
1-1: Ball
2-1: Foul Ball, location: 2F
2-2: Strikes out swinging
Batting: RHB Dave Craig 0-0: Foul Ball, location: 2F
0-1: Ball
1-1: Ball
2-1: Foul Ball, location: 2F
2-2: Fly out, F8 (Flyball, 8LD)
Top of the 1st over - 3 run(s), 3 hit(s), 0 error(s), 2 left on base; Baffin Island 3 - New York 0
BOTTOM OF THE 1ST
New York Knights batting - Pitching for Baffin Island Beavers : RHP Robert Reeves
Pitching: RHP Robert Reeves
Batting: RHB José Aguilera 0-0: Fly out, F4 (Line Drive, 4)
Batting: RHB Keitaro Suzuki 0-0: Ball
1-0: Called Strike
1-1: Called Strike
1-2: Foul Ball, location: 2F
1-2: Ball
2-2: Strikes out looking
Batting: LHB Troy Donaldson 0-0: Foul Ball, location: 2F
0-1: Ground out U3 (Groundball, 3L)
Bottom of the 1st over - 0 run(s), 0 hit(s), 0 error(s), 0 left on base; Baffin Island 3 - New York 0
TOP OF THE 2ND
Baffin Island Beavers batting - Pitching for New York Knights : RHP Dale Reese
Batting: LHB Victor Howard 0-0: Called Strike
0-1: Foul Ball, location: 2F
0-2: Ball
1-2: Ball
2-2: Ground out U3 (Groundball, 3S)
Batting: LHB Chris Bates 0-0: Ball
1-0: Swinging Strike
1-1: Foul Ball, location: 2F
1-2: Ground out U3 (Groundball, 3)
Batting: LHB Jeff Cole 0-0: Ground out 3-1 (Groundball, 34)
Top of the 2nd over - 0 run(s), 0 hit(s), 0 error(s), 0 left on base; Baffin Island 3 - New York 0
BOTTOM OF THE 2ND
New York Knights batting - Pitching for Baffin Island Beavers : RHP Robert Reeves
Batting: SHB Marvin Harris 0-0: Swinging Strike
0-1: Ball
1-1: Foul Ball, location: 2F
1-2: Foul Ball, location: 2F
1-2: Strikes out swinging
Batting: LHB Tom Waller 0-0: Ball
1-0: Ball
2-0: Ball
3-0: Called Strike
3-1: Base on Balls
Batting: RHB Anastasio García 0-0: Ball
1-0: Grounds into double play, 6-4-3 (Groundball, 6)
Bottom of the 2nd over - 0 run(s), 0 hit(s), 0 error(s), 0 left on base; Baffin Island 3 - New York 0
TOP OF THE 3RD
Baffin Island Beavers batting - Pitching for New York Knights : RHP Dale Reese
Batting: SHB Alonso Ferreira 0-0: Ball
1-0: Ball
2-0: Called Strike
2-1: Called Strike
2-2: Ground out 4-3 (Groundball, 4M)
Batting: RHB Tony Morton 0-0: Ball
1-0: Called Strike
1-1: Fly out, F9 (Flyball, 9D)
Batting: LHB Lorenzo Villa 0-0: Ball
1-0: Fly out, F9 (Flyball, 89D)
Top of the 3rd over - 0 run(s), 0 hit(s), 0 error(s), 0 left on base; Baffin Island 3 - New York 0
BOTTOM OF THE 3RD
New York Knights batting - Pitching for Baffin Island Beavers : RHP Robert Reeves
Batting: LHB Warren Potter 0-0: Ball
1-0: Called Strike
1-1: Ball
2-1: Fly out, F8 (Flyball, 8LM)
Batting: RHB Dani Torres 0-0: Ball
1-0: Ground out 5-3 (Groundball, 56)
Batting: RHB Lonnie Anderson 0-0: Called Strike
0-1: Called Strike
0-2: Foul Ball, location: 2F
0-2: Ball
1-2: Ball
2-2: Ground out 4-3 (Groundball, 34)
Bottom of the 3rd over - 0 run(s), 0 hit(s), 0 error(s), 0 left on base; Baffin Island 3 - New York 0
TOP OF THE 4TH
Baffin Island Beavers batting - Pitching for New York Knights : RHP Dale Reese
Batting: RHB José García 0-0: SINGLE (Line Drive, 4)
Batting: LHB Keng-chi Lao 0-0: Foul Ball, location: 2F
0-1: SINGLE (Groundball, 34)
José García to second
Runner from 2nd tries for 3rd, SAFE, throw made to third
Now in RF: Cheng-ho Qiao
Batting: RHB Dave Craig 0-0: Ball
1-0: Fly out, F9 (Flyball, 89M)
Runner from 3rd tags up, SCORES, no throw
Batting: LHB Victor Howard 0-0: Called Strike
0-1: Ball
1-1: Called Strike
1-2: Foul Ball, location: 2F
1-2: Foul Ball, location: 2F
1-2: Foul Ball, location: 2F
1-2: Foul Ball, location: 2F
1-2: Ground out 1-3 (Groundball, 34S)
Keng-chi Lao to second
Batting: LHB Chris Bates 0-0: Ball
1-0: Ground out 4-3 (Groundball, 4)
Top of the 4th over - 1 run(s), 2 hit(s), 0 error(s), 1 left on base; Baffin Island 4 - New York 0
BOTTOM OF THE 4TH
New York Knights batting - Pitching for Baffin Island Beavers : RHP Robert Reeves
Batting: RHB José Aguilera 0-0: Foul Ball, location: 2F
0-1: Swinging Strike
0-2: Ball
1-2: Ball
2-2: Strikes out swinging
Batting: RHB Keitaro Suzuki 0-0: Foul Ball, location: 2F
0-1: Fly out, F8 (Flyball, 8RS)
Batting: LHB Troy Donaldson 0-0: Hit by Pitch
Batting: SHB Marvin Harris 0-0: Called Strike
Troy Donaldson steals 2nd base
0-1: Swinging Strike
0-2: Ball
1-2: Strikes out swinging
Bottom of the 4th over - 0 run(s), 0 hit(s), 0 error(s), 1 left on base; Baffin Island 4 - New York 0
TOP OF THE 5TH
Baffin Island Beavers batting - Pitching for New York Knights : RHP Dale Reese
Batting: LHB Jeff Cole 0-0: Ball
1-0: Foul Ball, location: 2F
1-1: Ball
2-1: Ball
3-1: SINGLE (Groundball, 4M)
Batting: SHB Alonso Ferreira 0-0: Called Strike
0-1: Foul Ball, location: 2F
0-2: Ball
1-2: SINGLE (Line Drive, 6D)
Jeff Cole to second
Batting: RHB Tony Morton 0-0: Swinging Strike
0-1: Ball
1-1: Foul Ball, location: 2F
1-2: Ball
2-2: SINGLE (Line Drive, 6D)
Jeff Cole to third
Alonso Ferreira to second
Runner from 3rd tries for Home, SAFE, throw made home
Alonso Ferreira to third
Tony Morton to second
Batting: LHB Lorenzo Villa 0-0: Ball
1-0: Foul Ball, location: 2F
1-1: Fly out, F8 (Flyball, 89M)
Runner from 3rd tags up, SCORES, throw made
Batting: RHB José García 0-0: Ball
1-0: Ball
2-0: Fly out, F4 (Popup, 4)
Batting: LHB Keng-chi Lao 0-0: Ball
1-0: Ball
2-0: Ball
3-0: Ground out 3-1 (Groundball, 34)
Top of the 5th over - 2 run(s), 3 hit(s), 0 error(s), 1 left on base; Baffin Island 6 - New York 0
BOTTOM OF THE 5TH
New York Knights batting - Pitching for Baffin Island Beavers : RHP Robert Reeves
Batting: LHB Tom Waller 0-0: Foul Ball, location: 2F
0-1: Called Strike
0-2: Strikes out looking
Batting: RHB Anastasio García 0-0: Called Strike
0-1: Fly out, F9 (Flyball, 9LM)
Batting: RHB Cheng-ho Qiao 0-0: Called Strike
0-1: Called Strike
0-2: Strikes out swinging, 2-3 out at first.
Bottom of the 5th over - 0 run(s), 0 hit(s), 0 error(s), 0 left on base; Baffin Island 6 - New York 0
TOP OF THE 6TH
Baffin Island Beavers batting - Pitching for New York Knights : RHP Dale Reese
Batting: RHB Dave Craig 0-0: SINGLE (Line Drive, 7LS)
Batting: LHB Victor Howard 0-0: Ball
1-0: Called Strike
1-1: Fly out, F7 (Flyball, 7LM)
Batting: LHB Chris Bates 0-0: DOUBLE (Line Drive, 89XD)
Dave Craig to third
Batting: LHB Jeff Cole 0-0: Called Strike
0-1: Foul Ball, location: 2F
0-2: Foul Ball, location: 2F
0-2: Ball
1-2: Foul Ball, location: 2F
1-2: Foul Ball, location: 2F
1-2: Ground out U3 (Groundball, 3)
Batting: SHB Alonso Ferreira 0-0: Called Strike
0-1: Fly out, F3 (Line Drive, 3L)
Top of the 6th over - 0 run(s), 2 hit(s), 0 error(s), 2 left on base; Baffin Island 6 - New York 0
BOTTOM OF THE 6TH
New York Knights batting - Pitching for Baffin Island Beavers : RHP Robert Reeves
Batting: RHB Dani Torres 0-0: Swinging Strike
0-1: Ball
1-1: DOUBLE (Line Drive, 78D)
Batting: RHB Lonnie Anderson 0-0: Swinging Strike
0-1: Ball
1-1: Ball
2-1: Called Strike
2-2: Foul Ball, location: 2F
2-2: Strikes out looking
Batting: RHB José Aguilera 0-0: Called Strike
0-1: Ball
1-1: Fly out, F4 (Line Drive, 4)
Batting: RHB Keitaro Suzuki 0-0: Called Strike
0-1: Foul Ball, location: 2F
0-2: Ball
1-2: Ball
2-2: Strikes out swinging
Bottom of the 6th over - 0 run(s), 1 hit(s), 0 error(s), 1 left on base; Baffin Island 6 - New York 0
TOP OF THE 7TH
Baffin Island Beavers batting - Pitching for New York Knights : RHP Dale Reese
Pitching: RHP Dan Wilson
Batting: RHB Tony Morton 0-0: Called Strike
0-1: Ball
1-1: Ball
2-1: Called Strike
2-2: Foul Ball, location: 2F
2-2: Strikes out looking
Batting: LHB Lorenzo Villa 0-0: Ball
1-0: Ball
2-0: Ball
3-0: Base on Balls
Batting: RHB José García 0-0: Ball
1-0: SINGLE (Line Drive, 6MD)
Lorenzo Villa to second
Batting: LHB Keng-chi Lao 0-0: Called Strike
0-1: Fly out, F8 (Flyball, 8LM)
Batting: RHB Dave Craig 0-0: Called Strike
0-1: Ball
1-1: Ball
2-1: Ball
3-1: Foul Ball, location: 2F
3-2: DOUBLE (Line Drive, 7LD)
Lorenzo Villa scores
José García to third
José García scores
Batting: LHB Victor Howard 0-0: Called Strike
0-1: Fly out, F9 (Flyball, 89M)
Top of the 7th over - 2 run(s), 2 hit(s), 0 error(s), 1 left on base; Baffin Island 8 - New York 0
BOTTOM OF THE 7TH
New York Knights batting - Pitching for Baffin Island Beavers : RHP Robert Reeves
Batting: LHB Troy Donaldson 0-0: Ball
1-0: Ground out 4-3 (Groundball, 4)
Batting: SHB Marvin Harris 0-0: Ball
1-0: Called Strike
1-1: Foul Ball, location: 2F
1-2: Ball
2-2: Strikes out looking
Batting: LHB Tom Waller 0-0: Ball
1-0: Called Strike
1-1: Ball
2-1: Swinging Strike
2-2: SINGLE (Groundball, 34D)
Batting: RHB Anastasio García 0-0: Called Strike
0-1: Called Strike
0-2: SINGLE (Line Drive, 4MD)
Tom Waller to second
Batting: RHB Cheng-ho Qiao 0-0: Called Strike
0-1: Swinging Strike
0-2: Ball
1-2: Strikes out swinging
Bottom of the 7th over - 0 run(s), 2 hit(s), 0 error(s), 2 left on base; Baffin Island 8 - New York 0
TOP OF THE 8TH
Baffin Island Beavers batting - Pitching for New York Knights : RHP Dan Wilson
Batting: LHB Chris Bates 0-0: Swinging Strike
0-1: Foul Ball, location: 2F
0-2: Foul Ball, location: 2F
0-2: TRIPLE (Line Drive, 8LXD)
Batting: LHB Jeff Cole 0-0: Ball
1-0: Foul Ball, location: 2F
1-1: Called Strike
1-2: Foul Ball, location: 2F
1-2: Foul Ball, location: 2F
1-2: Foul Ball, location: 2F
1-2: Ball
2-2: DOUBLE (Line Drive, 9LM)
Chris Bates scores
Batting: SHB Alonso Ferreira 0-0: Ball
1-0: Called Strike
1-1: Foul Ball, location: 2F
1-2: Ball
2-2: Foul Ball, location: 2F
2-2: Ground out 1-3 (Groundball, 13S)
Jeff Cole to third
Batting: RHB Tony Morton 0-0: Ground out 4-3 (Groundball, 4)
Jeff Cole scores
Batting: LHB Lorenzo Villa 0-0: Ball
1-0: Called Strike
1-1: Called Strike
1-2: Ball
2-2: Reached on error, E5 (Groundball, 56)
Batting: RHB José García 0-0: Ball
1-0: Ball
2-0: Swinging Strike
2-1: SINGLE (Line Drive, 89S)
Lorenzo Villa to third
Runner from 3rd tries for Home, SAFE, no throw or cutoff
Batting: LHB Keng-chi Lao 0-0: Ball
José García steals 2nd base
1-0: SINGLE (Line Drive, 89S)
José García to third
Runner from 3rd tries for Home, SAFE, no throw or cutoff
Pitching: RHP Gilberto Barrera
Batting: RHB Dave Craig 0-0: Fielders Choice at 2nd, U6 (Groundball, 6M)
Top of the 8th over - 4 run(s), 4 hit(s), 1 error(s), 1 left on base; Baffin Island 12 - New York 0
BOTTOM OF THE 8TH
New York Knights batting - Pitching for Baffin Island Beavers : RHP Robert Reeves
Batting: RHB Dani Torres 0-0: Ball
1-0: Fly out, F5 (Popup, 25)
Batting: RHB Lonnie Anderson 0-0: Called Strike
0-1: Ball
1-1: Foul Ball, location: 2F
1-2: Strikes out looking
Batting: RHB José Aguilera 0-0: Called Strike
0-1: SINGLE (Line Drive, 56D)
Batting: RHB Keitaro Suzuki 0-0: Fly out, F8 (Flyball, 8LD)
Bottom of the 8th over - 0 run(s), 1 hit(s), 0 error(s), 1 left on base; Baffin Island 12 - New York 0
TOP OF THE 9TH
Baffin Island Beavers batting - Pitching for New York Knights : RHP Gilberto Barrera
Pinch Hitting: RHB Mario López 0-0: Ball
1-0: Called Strike
1-1: Ground out 1-3 (Groundball, 13S)
Batting: LHB Chris Bates 0-0: Ball
1-0: Called Strike
1-1: Ground out 2-3 (Groundball, 2R)
Batting: LHB Jeff Cole 0-0: Ball
1-0: Ball
2-0: Foul Ball, location: 2F
2-1: Foul Ball, location: 2F
2-2: Ball
3-2: SINGLE (Line Drive, 8LS)
Batting: SHB Alonso Ferreira 0-0: SINGLE (Groundball, 15S) (infield hit)
Jeff Cole to second
Batting: RHB Tony Morton 0-0: Ground out 2-3 (Groundball, 23)
Top of the 9th over - 0 run(s), 2 hit(s), 0 error(s), 2 left on base; Baffin Island 12 - New York 0
BOTTOM OF THE 9TH
New York Knights batting - Pitching for Baffin Island Beavers : RHP Robert Reeves
Now at C: Bryan Sandstrom
Batting: LHB Troy Donaldson 0-0: Ball
1-0: Ball
2-0: Fly out, F8 (Flyball, 8RS)
Pinch Hitting: RHB Jesús Maestas 0-0: Ball
1-0: Ball
2-0: Fly out, F3 (Popup, 3SF)
Batting: LHB Tom Waller 0-0: Ball
1-0: SINGLE (Line Drive, 8LS)
Batting: RHB Anastasio García 0-0: Swinging Strike
0-1: Foul Ball, location: 2F
0-2: Strikes out swinging
Bottom of the 9th over - 0 run(s), 1 hit(s), 0 error(s), 1 left on base; Baffin Island 12 - New York 0
This league is powered by Out of the Park Baseball, the baseball management simulation game for PC, Mac and Linux
Tuesday, August 2nd, 2016 - OOTP Baseball 16.8 Build 38